 Dungeon Crawl Stone Soup version 0.23-a0-49-gd9f7a49 (webtiles) character file.

2435 Mgcat the Insei (level 9, -2/47 HPs)
             Began as a Kobold Transmuter on Aug 7, 2018.
             Was a Believer of Okawaru.
             Impaled on a porcupine's spines (15 damage)
             ... on level 8 of the Dungeon.
             The game lasted 00:19:09 (8930 turns).

Mgcat the Insei (Kobold Transmuter)                 Turns: 8930, Time: 00:19:10

Health: -2/47      AC:  2    Str: 10    XL:     9   Next: 77%
Magic:  8/12       EV: 20    Int: 15    God:    Okawaru [**....]
Gold:   375        SH:  0    Dex: 20    Spells: 5/12 levels left

rFire    + . .     SeeInvis .     - Unarmed
rCold    . . .     Gourm    .   (shield currently unavailable)
rNeg     . . .     Faith    .   (armour currently unavailable)
rPois    x         Spirit   .   (helmet currently unavailable)
rElec    .         Reflect  .   (cloak currently unavailable)
rCorr    .         Harm     .   (gloves currently unavailable)
MR       .....                  (boots currently unavailable)
Stlth    ++........             (no amulet)
HPRegen  0.15/turn              g - ring of protection from fire {rF+, !d}
MPRegen  0.13/turn              C - ring of wizardry {Wiz+, !d}

@: spider-form
A: tiny, carnivore
a: End Transformation, Heroism, Renounce Religion


You were on level 8 of the Dungeon.
You worshipped Okawaru.
Okawaru was pleased with you.
You were very full.
You were a venomous arachnid creature.
You visited 2 branches of the dungeon, and saw 10 of its levels.

You collected 375 gold pieces.

Inventory:

Missiles
 a - 48 arrows
Armour
 b - a +0 robe (melded)
 j - a +0 pair of boots (melded)
   (You found it on level 4 of the Dungeon)
 k - a +1 cloak (melded)
   (You took it off Crazy Yiuf on level 2 of the Dungeon)
 n - a +0 helmet (melded)
   (You took it off Robin on level 2 of the Dungeon)
Jewellery
 g - a ring of protection from fire (left front leg) {rF+, !d}
   (You found it on level 1 of the Dungeon)
 A - an uncursed ring of protection from cold {rC+, !d}
   (You found it on level 6 of the Dungeon)
 C - a ring of wizardry (right front leg) {Wiz+, !d}
   (You found it on level 7 of the Dungeon)
Wands
 u - a wand of paralysis (32)
   (You found it on level 5 of the Dungeon)
 w - a wand of digging (18)
   (You found it on level 5 of the Dungeon)
Scrolls
 f - 13 scrolls of remove curse
 i - a scroll of magic mapping {!r}
 l - a scroll of blinking {!r}
 p - 2 scrolls of identify
 s - 2 scrolls of enchant weapon
 t - a scroll of fear
 x - 2 scrolls of immolation {!r}
 y - a scroll of fog
 E - a scroll of silence
Potions
 c - a potion of brilliance
 e - a potion of invisibility
 h - a potion of might
 m - 3 potions of heal wounds
 o - a potion of lignification {!q}
 q - a potion of mutation {unknown}
 r - 2 potions of flight {unknown}
 v - 2 potions of magic
 z - 2 potions of curing
Comestibles
 d - 11 rations


   Skills:
 - Level 1.1 Fighting
 - Level 2.4 Dodging
 + Level 7.9 Unarmed Combat
 - Level 2.1 Spellcasting
 + Level 4.6 Hexes
 + Level 7.4 Transmutations
 - Level 5.0 Poison Magic


You had 5 spell levels left.
You knew the following spells:

 Your Spells              Type           Power        Failure   Level  Hunger
a - Beastly Appendage     Tmut           ###...       2%          1    #......
b - Sticks to Snakes      Tmut           ###.....     2%          2    ###....
c - Spider Form           Tmut/Pois      ###.......   6%          3    ###....
d - Confusing Touch       Hex            ###...       4%          1    #......

Your spell library contained the following spells:

 Spells                   Type           Power        Failure   Level  Hunger
 Apportation              Tloc           #.....       19%         1    #......
 Summon Small Mammal      Summ           #...         19%         1    #......
 Animate Skeleton         Necr           N/A          19%         1    #......
 Blade Hands              Tmut           ###.......   22%         5    ######.
 Ice Form                 Ice/Tmut       ##......     32%         4    #####..


Dungeon Overview and Level Annotations

Branches:
Dungeon (9/15)             Temple (1/1) D:4
   Lair: D:8-11         Orc: D:9-12

Altars:
Ashenzari
Cheibriados
Dithmenos
Elyvilon
Fedhas
Gozag
Hepliaklqana
Kikubaaqudgha
Makhleb
Nemelex Xobeh
Okawaru
Sif Muna
Trog
Uskayaw
Vehumet
Wu Jian
Xom
Yredelemnul
Zin
The Shining One

Shops:
D:6 %

Annotations:
D:8 1 runed door, torrenera's ghost, novice TrMo


Innate Abilities, Weirdness & Mutations

You are small and have problems with some larger weapons.
You are carnivorous and can eat meat at any time.


Message History

Erica points at you and mumbles some strange words.
The orb of energy hits you!
The orb of energy explodes!
You hear a shout! x2; You hear a loud, deep croak!
You bite Erica!
Erica looks as sick as possible!
Erica is severely wounded.
Erica completely misses you.
You bite Erica!
Erica looks as sick as possible!
Erica is almost dead.
You feel like a meek peon again.
You kill Erica!
Okawaru accepts your kill.
Your Hexes skill increases to level 4!
Your Transmutations skill increases to level 7!
An orc priest comes into view. It is wielding a short sword.
The orc priest shouts!
Something bites the fungus.
A porcupine comes into view.
The orc misses you.
Things that are here:
a scimitar of flaming; a glowing robe You bite the orc!
You kill the orc!
Okawaru accepts your kill. The orc priest hits you with a dagger.
A worker ant zombie comes into view.
You hit the orc priest.
The orc priest is poisoned.
The orc priest is moderately wounded.
The orc priest hits you with a dagger!
The orc priest looks encouraged for a moment.
You barely miss the orc priest.
The orc priest is moderately wounded.
A bullfrog comes into view.
The orc priest hits you but does no damage.
You barely miss the orc priest.
The orc priest is moderately wounded.
The bullfrog croaks.
An orc wizard comes into view. It is wielding a dagger.
The orc priest completely misses you.
The orc priest calls upon Beogh to heal the orc priest.
The orc priest's wounds heal themselves!
Unknown command.
You hit the orc priest but do no damage.
A porcupine comes into view.
A bullfrog comes into view.
The bullfrog croaks.
You hit the orc priest.
The orc priest looks as sick as possible!
The orc priest is moderately wounded.
Your transformation is almost over.
The orc priest misses you.
An orc priest comes into view. It is wielding a club.
Unknown command.
Unknown command.
There is a stone staircase leading up, spattered with blood here.
The orc priest closely misses you.
The porcupine bites you but does no damage.
The orc priest calls down the wrath of Beogh upon you.
Beogh smites you!
* * * LOW HITPOINT WARNING * * *
You climb upwards.
Level annotation: 1 runed door, torrenera's ghost, novice TrMo
There is a stone staircase leading down here.
Unknown command.
Unknown command.
You hit the orc priest but do no damage.
The orc priest is heavily wounded.
The porcupine bites you.
* * * LOW HITPOINT WARNING * * *
The orc priest misses you.
Unknown command.
Unknown command.
You bite the orc priest!
You kill the orc priest!
Okawaru accepts your kill. The porcupine barely misses you. x2
Unknown command.
Unknown command.
Unknown command.
Your transformation has ended.
Your +1 cloak unmelds from your body.
Your +0 helmet unmelds from your body.
Your +0 pair of boots unmelds from your body.
Your +0 robe unmelds from your body.
The porcupine completely misses you.
You closely miss the porcupine. The porcupine barely misses you.
You feel much better. The porcupine bites you.
Casting: Spider Form (safe; 1% risk of failure)
Confirm with . or Enter, or press ? or * to list all spells.
You turn into a venomous arachnid creature.
Your +1 cloak melds into your body.
Your +0 helmet melds into your body.
Your +0 pair of boots melds into your body.
Your +0 robe melds into your body.
The porcupine completely misses you.
You barely miss the porcupine. The porcupine barely misses you.
You are struck by the porcupine's spines.
You hit the porcupine but do no damage.
The porcupine is poisoned.
The porcupine bites you.
* * * LOW HITPOINT WARNING * * *
You bite the porcupine!
The porcupine is heavily wounded.
The porcupine closely misses you.
You are struck by the porcupine's spines.
You die...

#......# ##.#.#######.......
#......# #.................
#......# ######................
#......# #.....)...............
#......####.####.>..............
#.........#.# #..).........)...
#.......#.#.# #................
#.......#.#.#####...............
#.......#.#.#..sr...............
#.......#.#.#.####..............
#......##...#.# ########.......
#......######.###########.######
####......................#
########################


You could see a porcupine.

Vanquished Creatures
  Erica (D:9)
  A sky beast (D:8)
  3 phantoms
  3 ogres
  A centaur (D:7)
  2 bullfrogs
  2 scorpions
  A jelly (D:8)
  2 orc priests
  Crazy Yiuf (D:2)
  3 hounds
  A bullfrog skeleton (D:6)
  Natasha (D:2)
  3 orc wizards
  4 iguanas
  6 worker ants
  A hound skeleton (D:7)
  2 hound zombies
  Robin (D:2)
  6 gnolls
  A howler monkey skeleton (D:8)
  5 adders
  An adder zombie (D:7)
  2 oozes
  2 adder skeletons
  A worm (D:3)
  2 dart slugs (D:3)
  A leopard gecko (D:7)
  12 orcs
  10 giant cockroaches
  8 hobgoblins
  9 jackals
  3 quokkas
  6 bats
  5 frilled lizards
  12 goblins
  A jackal zombie (D:6)
  7 kobolds
  A quokka skeleton (D:8)
  9 rats
143 creatures vanquished.

Notes
Turn   | Place    | Note
-------+----------+-------------------------------------------
     0 | D:1      | Mgcat the Kobold Transmuter began the quest for the Orb.
     0 | D:1      | Reached XP level 1. HP: 12/12 MP: 3/3
    82 | D:1      | HP: 3/12 [kobold (1)]
    86 | D:1      | HP: 1/12 [kobold (2)]
   660 | D:1      | Reached XP level 2. HP: 13/16 MP: 3/5
   675 | D:1      | HP: 4/16 [kobold (2)]
   943 | D:1      | Learned a level 2 spell: Sticks to Snakes
  1569 | D:2      | Reached XP level 3. HP: 18/20 MP: 6/6
  1574 | D:2      | Learned a level 3 spell: Spider Form
  1989 | D:2      | Found a burning altar of Makhleb.
  1999 | D:2      | Reached skill level 3 in Transmutations
  1999 | D:2      | Reached skill level 1 in Poison Magic
  1999 | D:2      | Reached XP level 4. HP: 12/25 MP: 5/7
  2255 | D:2      | Noticed Natasha
  2258 | D:2      | Killed Natasha
  2258 | D:2      | Reached skill level 4 in Unarmed Combat
  2258 | D:2      | Reached XP level 5. HP: 29/29 MP: 4/8
  2284 | D:2      | Noticed Robin
  2309 | D:2      | Killed Robin
  2583 | D:2      | Found a runed door.
  2663 | D:2      | Noticed Crazy Yiuf
  2670 | D:2      | Killed Crazy Yiuf
  2670 | D:2      | Reached skill level 2 in Poison Magic
  3061 | D:3      | Reached XP level 6. HP: 22/34 MP: 7/9
  3516 | D:4      | Reached skill level 4 in Transmutations
  3564 | D:4      | Found a staircase to the Ecumenical Temple.
  3809 | Temple   | Entered the Ecumenical Temple
  3887 | Temple   | Became a worshipper of Warmaster Okawaru
  4105 | D:4      | Reached skill level 3 in Poison Magic
  4283 | D:4      | Reached skill level 5 in Unarmed Combat
  4283 | D:4      | Reached XP level 7. HP: 33/38 MP: 7/10
  4953 | D:5      | Entered Level 5 of the Dungeon
  5055 | D:5      | Reached * piety under Okawaru
  5211 | D:5      | Reached skill level 5 in Transmutations
  5211 | D:5      | Reached skill level 4 in Poison Magic
  5508 | D:6      | Found Munum's Food Emporium.
  5526 | D:6      | Learned a level 1 spell: Confusing Touch
  6050 | D:6      | Reached XP level 8. HP: 35/43 MP: 8/11
  6243 | D:6      | Reached skill level 6 in Unarmed Combat
  7057 | D:7      | HP: 10/43 [poisoned by a worker ant]
  7213 | D:7      | Reached skill level 1 in Hexes
  7386 | D:7      | Reached skill level 5 in Poison Magic
  7421 | D:7      | Reached ** piety under Okawaru
  7421 | D:7      | Reached skill level 6 in Transmutations
  7432 | D:7      | Reached skill level 2 in Hexes
  7598 | D:7      | Reached XP level 9. HP: 36/47 MP: 12/12
  8026 | D:8      | Reached skill level 7 in Unarmed Combat
  8026 | D:8      | Reached skill level 3 in Hexes
  8293 | D:8      | Found a runed door.
  8293 | D:8      | Noticed torrenera's ghost (novice TrMo)
  8590 | D:9      | Noticed Erica
  8906 | D:9      | Killed Erica
  8906 | D:9      | Reached skill level 4 in Hexes
  8906 | D:9      | Reached skill level 7 in Transmutations
  8915 | D:9      | HP: 11/47 [orc priest/divine providence (8)]
  8930 | D:8      | Impaled on a porcupine's spines

Vault maps used:
D:1:      minmay_arrival_widening_spiral_wide
D:2:      first_ration, makhleb_blood_cavern_becter, uniq_robin,
          uniq_crazy_yiuf_cottage, uniq_natasha
D:4:      minmay_temple_entry_trees
D:5:      item_on_display_a
D:6:      serial_shops, shop, minmay_tree_intersection
D:8:      ebering_ghost_reflecting_pool
D:9:      kennysheep_mini_moat, grunt_lair_entry_orc_guard_hut, basic_altar,
          hangedman_little_slice_of_home, jmf_multi_god_temple2, uniq_erica
Temple:   regret_index_temple_sigil_plot

Skill      XL: |  1  2  3  4  5  6  7  8  9 |
---------------+----------------------------+-----
Transmutations | 3 4 5 6 7 |  7.4
Poison Magic   | 1 2 3 4 5 |  5.0
Unarmed Combat | 4 5 6 7 |  7.9
Hexes          | 2 4 |  4.6
Fighting       | |  1.1
Dodging        | |  2.4
Spellcasting   | |  2.1

Action                   |  1- 3 |  4- 6 |  7- 9 || total
-------------------------+-------+-------+-------++-------
Melee: Unarmed           |   135 |   136 |   313 ||   584
       Headbutt          |     4 |       |       ||     4
       Kick              |     6 |       |       ||     6
       Punch             |       |     2 |     3 ||     5
 Cast: Beastly Appendage |    16 |       |       ||    16
       Spider Form       |       |    16 |    28 ||    44
Invok: Heroism           |       |       |     2 ||     2
  Use: Scroll            |       |    11 |     8 ||    19
       Potion            |       |       |     3 ||     3
 Stab: Sleeping          |       |     1 |     2 ||     3
  Eat: Chunk             |    12 |    10 |    16 ||    38
Armor: Robe              |    18 |     8 |    20 ||    46
       Skin              |       |     4 |    12 ||    16
Dodge: Dodged            |   106 |    98 |   254 ||   458

Table legend:
 A = Spawn XP
 B = Non-spawn XP
 C = Spawn XP percentage of total XP
 D = Spawn monster count
 E = Non-spawn monster count
 F = Spawn count percentage of total count
 G = Total turns spent on level
                    A         B        C        D         E        F      G
               +---------+---------+-------+---------+---------+-------+---------
         Total |       0 |    3479 |   0.0 |       0 |     143 |   0.0 |  8930
               +---------+---------+-------+---------+---------+-------+---------
           D:1 |       0 |      26 |   0.0 |       0 |      17 |   0.0 |  1543
           D:2 |       0 |     197 |   0.0 |       0 |      33 |   0.0 |  1302
           D:3 |       0 |      78 |   0.0 |       0 |      21 |   0.0 |   605
           D:4 |       0 |     373 |   0.0 |       0 |      11 |   0.0 |  1712
           D:5 |       0 |     287 |   0.0 |       0 |      15 |   0.0 |   673
           D:6 |       0 |     370 |   0.0 |       0 |      15 |   0.0 |   670
           D:7 |       0 |     684 |   0.0 |       0 |      18 |   0.0 |  1319
           D:8 |       0 |     532 |   0.0 |       0 |      11 |   0.0 |   970
           D:9 |       0 |     932 |   0.0 |       0 |       2 |   0.0 |    22
               +---------+---------+-------+---------+---------+-------+---------

Vault maps used:
D:1:      minmay_arrival_widening_spiral_wide
D:2:      first_ration, makhleb_blood_cavern_becter, uniq_robin,
          uniq_crazy_yiuf_cottage, uniq_natasha
D:4:      minmay_temple_entry_trees
D:5:      item_on_display_a
D:6:      serial_shops, shop, minmay_tree_intersection
D:8:      ebering_ghost_reflecting_pool
D:9:      kennysheep_mini_moat, grunt_lair_entry_orc_guard_hut, basic_altar,
          hangedman_little_slice_of_home, jmf_multi_god_temple2, uniq_erica
Temple:   regret_index_temple_sigil_plot

Table legend:
 A = Turns spent in this place as a percentage of turns spent in the entire game.
 B = Non-inter-level travel turns spent in this place as a percentage of non-inter-level travel turns spent in the entire game.
 C = Inter-level travel turns spent in this place as a percentage of turns spent in this place.
 D = Turns resting spent in this place as a percentage of non-inter-level travel turns spent in this place.
 E = Turns spent auto-exploring this place as a percentage of non-inter-level travel turns spent in this place.
 F = Non-inter-level travel turns spent in this place divided by the number of levels of this place that you've seen.
                   A       B       C       D       E      F
               +-------+-------+-------+-------+-------+----------------------
         Total | 100.0 | 100.0 |   6.3 |  17.5 |  66.4 | 837.1
       Dungeon |  98.7 |  98.8 |   6.2 |  17.7 |  66.2 | 919.1
        Temple |   1.3 |   1.2 |  13.2 |   0.0 |  87.9 |  99.0
               +-------+-------+-------+-------+-------+----------------------

Table legend:
 A = Kills in this place as a percentage of kills in entire the game.
 B = Kills by you in this place as a percentage of kills by you in the entire game.
 C = Kills by friends in this place as a percentage of kills by friends in the entire game.
 D = Other kills in this place as a percentage of other kills in the entire game.
 E = Experience gained in this place as a percentage of experience gained in the entire game.
 F = Experience gained in this place divided by the number of levels of this place that you have seen.
                   A       B       C       D       E      F
               +-------+-------+-------+-------+-------+----------------------
         Total | 100.0 | 100.0 |   N/A |   N/A | 100.0 | 347.9
       Dungeon | 100.0 | 100.0 |   N/A |   N/A | 100.0 | 386.6
               +-------+-------+-------+-------+-------+----------------------
